 Dungeon Crawl Stone Soup version 0.30-a0-393-g54b8e3be05 (webtiles) character file.

Game seed: 17654787452517722186

27 Monkooky the Conjurer (level 3, -5/11 (21) HPs)
             Began as a Tengu Reaver on Dec 5, 2022.
             Killed from afar by an orc wizard (8 damage)
             ... with a magic dart
             ... on level 2 of the Dungeon.
             The game lasted 00:03:07 (1995 turns).

Monkooky the Conjurer (Tengu Reaver)                Turns: 1995, Time: 00:03:09

HP:   -5/11 (21)    AC:  3    Str: 12    XL:     3   Next: 10%
MP:   1/7           EV: 11    Int: 15    God:
Gold: 112           SH:  0    Dex: 12    Spells: 3/6 levels left

rFire   . . .      SeeInvis .    a - +0 spear
rCold   . . .      Faith    .    (no shield)
rNeg    . . .      Spirit   .    b - +0 leather armour
rPois   .          Reflect  .    (helmet restricted)
rElec   .          Harm     .    (no cloak)
rCorr   .          Rampage  .    (no gloves)
Will    .....                    (boots unavailable)
Stlth   +.........               (no amulet)
HPRegen 0.21/turn                (no ring)
MPRegen 0.10/turn                (no ring)

@: very heavily drained
A: beak, talons 3
a: no special abilities


You were on level 2 of the Dungeon.
You visited 1 branch of the dungeon, and saw 2 of its levels.

You collected 112 gold pieces.

Inventory:

Hand Weapons
 a - a +0 spear (weapon)
Armour
 b - a +0 leather armour (worn)
Scrolls
 c - 3 scrolls of identify {unknown}
 d - a scroll of noise {unknown}
 e - a scroll of teleportation {unknown}
 f - a scroll of vulnerability {unknown}
 i - a scroll of blinking {unknown}
 j - a scroll of silence {unknown}
 k - a scroll of magic mapping {unknown}
 m - a scroll of enchant armour {unknown}
Potions
 g - 2 potions of haste {unknown}
 h - a potion of mutation {unknown}
 l - a potion of might {unknown}
 n - a potion of flight {unknown}


   Skills:
 - Level 2.0 Fighting
 - Level 3.3 Polearms
 - Level 2.2 Dodging
 - Level 2.0 Spellcasting
 * Level 4.7 Conjurations
 - Level 2.0 Necromancy


You had 3 spell levels left.
You knew the following spells:

 Your Spells              Type           Power      Damage    Failure   Level
a - Kiss of Death         Conj/Necr      44%        2d8       7%          1
b - Momentum Strike       Conj/Tloc      16%        3d8       16%         2

Your spell library contained the following spells:

 Spells                   Type           Power      Damage    Failure   Level
 Hailstorm                Conj/Ice       8%         3d4       32%         3


Dungeon Overview and Level Annotations

Branches:
Dungeon (2/15)

Altars:


Innate Abilities, Weirdness & Mutations

You have a beak for a mouth.
You have claws for feet.


Message History

Your magical contamination has completely faded away.
Casting: Momentum Strike (safe; 16% risk of failure)
Confirm with . or Enter, or press ? or * to list all spells.
You can't see any susceptible monsters within range! (Use Z to cast anyway.) Unknown command.
Casting: Momentum Strike (safe; 16% risk of failure)
Confirm with . or Enter, or press ? or * to list all spells.
Aiming: Kiss of Death (safe; 7% risk of failure)
Press: ? - help, Shift-Dir - straight line The negative energy hits something.
You feel drained. Something hits you.
Unknown command.
Casting: Kiss of Death (safe; 7% risk of failure)
Confirm with . or Enter, or press ? or * to list all spells.
Aiming: Kiss of Death (safe; 7% risk of failure)
Press: ? - help, Shift-Dir - straight line, f - orc priest
Aim: an orc priest, wielding a +0 hand axe and wearing a +0 leather armour (100% to hit)
The negative energy hits the orc priest!
The orc priest is drained!
The orc priest is severely wounded.
You feel drained.
You are no longer robbed of momentum.
The orc priest hits you with a +0 hand axe.
You hear some strange, mumbled words.
A puff of flame appears from out of thin air!
The puff of flame hits you.
* * * LOW HITPOINT WARNING * * *
Casting: Kiss of Death (safe; 7% risk of failure)
Confirm with . or Enter, or press ? or * to list all spells.
Aiming: Kiss of Death (safe; 7% risk of failure)
Press: ? - help, Shift-Dir - straight line, f/p - orc priest
Aim: an orc priest, wielding a +0 hand axe and wearing a +0 leather armour (severely wounded, heavily drained, 100% to hit)
The negative energy hits the orc priest!
The orc priest is drained!
You kill the orc priest!
You feel drained.
You hear some strange, mumbled words.
A magic dart appears from out of thin air!
The magic dart hits you!
Ouch! That really hurt!
You die...

#.....#.......#
###...#..#.....
########.####
#..... ### ######
>. #.
#)#################
#{@................
###################


There were no monsters in sight!

Vanquished Creatures
  An orc priest (D:2)
  A worm (D:2)
  A dart slug (D:1)
  2 orcs (D:2)
  2 ball pythons (D:1)
  2 endoplasms (D:1)
  2 hobgoblins (D:1)
  4 bats
  A frilled lizard (D:1)
  5 goblins
  2 kobolds
  A rat (D:2)
24 creatures vanquished.

Vanquished Creatures (others)
  An orc wizard (D:2)
  A dart slug (D:2)
  2 endoplasms (D:1)
  A giant cockroach (D:1)
  2 goblins
  3 hobgoblins
  2 quokkas (D:2)
  A ball python (D:1)
  2 bats
  A frilled lizard (D:2)
  A kobold (D:2)
  2 rats
19 creatures vanquished.

Grand Total: 43 creatures vanquished

Notes
Turn   | Place    | Note
-------+----------+-------------------------------------------
     0 | D:1      | Monkooky the Tengu Reaver began the quest for the Orb.
     0 | D:1      | Reached XP level 1. HP: 12/12 MP: 4/4
   155 | D:1      | Reached skill level 1 in Necromancy
   166 | D:1      | Reached XP level 2. HP: 14/14 MP: 4/6
   176 | D:1      | Learned a level 2 spell: Momentum Strike
  1445 | D:2      | Reached XP level 3. HP: 20/20 MP: 0/7
  1995 | D:2      | Killed from afar by an orc wizard

Illustrated notes

Levels and vault maps discovered:
D:1:      nicolae_arrival_washed_ashore, layout_basic, minmay_hexomino_p4
D:2:      layout_basic, kennysheep_nub

Skill      XL: |  1  2 |
---------------+-------+-----
Necromancy     | 1 2 |  2.0
Fighting       | |  2.0
Polearms       | |  3.3
Dodging        | |  2.2
Spellcasting   | |  2.0
Conjurations   | |  4.7

Action                   || total
-------------------------++-------
Melee: Spear             ||    51
       Kick              ||     6
       Peck              ||     2
 Cast: Kiss of Death     ||     4
       Momentum Strike   ||    29
 Stab: Sleeping          ||     1
Armor: Leather armour    ||    17
Dodge: Dodged            ||    25

Table legend: (Time is in decaauts)
 A = Elapsed time spent in this place.
 B = Non-inter-level travel time spent in this place.
 C = Inter-level travel time spent in this place.
 D = Time resting spent in this place.
 E = Time spent auto-exploring this place.
 F = Levels seen in this place.
 G = Mean time per level.
                   A        B        C        D        E       F      G
               +--------+--------+--------+--------+--------+-----+--------+
         Total |   1992 |   1879 |    113 |      8 |   1645 |   2 |  996.0 |
       Dungeon |   1992 |   1879 |    113 |      8 |   1645 |   2 |  996.0 |
               +--------+--------+--------+--------+--------+-----+--------+

Top non-repeatable levels by time:
     D:1: 1011 daAuts
     D:2: 980 daAuts
